 Dungeon Crawl Stone Soup version 0.25-a0-781-gc44aebf4fe (webtiles) character file.

Game seed: 6195008570399202653, levelgen mode: deterministic

24005 Maedhros the Martial Artist (level 13, -6/91 HPs)
             Began as an Octopode Artificer on Apr 14, 2020.
             Was an Elder of Cheibriados.
             Mangled by a four-headed hydra (16 damage)
             ... on level 4 of the Lair of Beasts on Apr 15, 2020.
             The game lasted 01:00:40 (7326 turns).

Maedhros the Martial Artist (Octopode Artificer)    Turns: 7326, Time: 01:00:46

Health: -6/91      AC:  1    Str: 23    XL:     13   Next: 10%
Magic:  6/20       EV: 20    Int: 21    God:    Cheibriados [****..]
Gold:   837        SH:  8    Dex: 31    Spells: 14/21 levels left

rFire    + . .     SeeInvis .     - Unarmed
rCold    . . .     Gourm    .   b - +0 buckler
rNeg     + . .     Faith    .   (helmet restricted)
rPois    +         Spirit   .   E - amulet of the acrobat
rElec    .         Reflect  .   u - +4 ring of dexterity
rCorr    .         Harm     .   D - ring of protection from fire (curse)
MR       .....                  t - ring of poison resistance
Stlth    +++++.....             O - ring of positive energy
HPRegen  0.25/turn              (no ring)
MPRegen  0.17/turn              (no ring)
                                (no ring)
                                (no ring)

@: very slow
A: almost no armour, stealthy swim, amphibious, 8 rings, constrict 8, camouflage
1, agile 1, dopey 1, robust 1, strong 1, gelatinous body 1
a: Bend Time, Temporal Distortion, Slouch, Renounce Religion


You were on level 4 of the Lair of Beasts.
You worshipped Cheibriados.
Cheibriados was greatly pleased with you.
You were hungry.

You visited 3 branches of the dungeon, and saw 17 of its levels.
You also visited: Ice Cave.

You collected 837 gold pieces.

Inventory:

Missiles
 a - 4 atropa-tipped darts
 d - 31 poisoned darts (quivered)
 l - 2 javelins
Armour
 b - a +0 buckler (worn)
 y - a +0 kite shield
Magical Staves
 J - an uncursed staff of poison
 K - an uncursed staff of fire
Jewellery
 t - a ring of poison resistance (on tentacle)
 u - a +4 ring of dexterity (left tentacle)
 D - a cursed ring of protection from fire (right tentacle)
 E - an amulet of the acrobat (around mantle)
 O - a ring of positive energy (on tentacle)
Wands
 c - a wand of scattershot (2)
 e - a wand of digging (4)
 x - a wand of acid (13)
 z - a wand of flame (5)
 A - a wand of iceblast (6)
 F - a wand of disintegration (12)
Scrolls
 h - 3 scrolls of blinking
 j - 6 scrolls of teleportation
 k - 3 scrolls of fog {unknown}
 n - 3 scrolls of remove curse
 o - 4 scrolls of enchant armour
 p - 4 scrolls of enchant weapon {unknown}
 r - 4 scrolls of amnesia
 s - 3 scrolls of immolation {unknown}
 v - 2 scrolls of vulnerability {unknown}
 G - a scroll of random uselessness {unknown}
 H - a scroll of summoning {unknown}
 L - a scroll of torment {unknown}
 N - 2 scrolls of fear {unknown}
Potions
 i - 4 potions of stabbing
 m - a potion of flight
 q - a potion of ambrosia
 w - 4 potions of heal wounds
 B - 4 potions of curing
 C - a potion of mutation
 I - a potion of brilliance
Comestibles
 f - 20 rations


   Skills:
 - Level 6.0 Fighting
   Level 1.0 Short Blades
 - Level 6.0 Dodging
 - Level 6.5 Stealth
 + Level 6.8 Shields
 - Level 10.0 Unarmed Combat
 + Level 4.7 Spellcasting
 + Level 7.8 Transmutations
 + Level 7.8 Earth Magic
 - Level 7.0 Invocations
 + Level 8.4 Evocations


You had 14 spell levels left.
You knew the following spells:

 Your Spells              Type           Power        Failure   Level  Hunger
a - Petrify               Tmut/Erth      #####...     4%          4    ####...
b - Stone Arrow           Conj/Erth      ###...       7%          3    ##.....

Your spell library contained the following spells:

 Spells                   Type           Power        Failure   Level  Hunger
 Sandblast                Erth           #####.       1%          1    None
 Passwall                 Tmut/Erth      #####...     1%          2    #......
 Lee's Rapid Deconstruct  Erth           #####.....   12%         5    ######.
 Confusing Touch          Hex            #.......     32%         3    ##.....
 Gell's Gravitas          Tloc           #.........   32%         3    ##.....
 Yara's Violent Unravell  Hex/Tmut       ###.......   52%         5    ######.
 Bolt of Magma            Conj/Fire/Erth ###.......   71%         5    ######.
 Iskenderun's Battlesphe  Conj/Chrm      #.......     97%         5    ######.
 Metabolic Englaciation   Hex/Ice        #.........   97%         5    ######.
 Iron Shot                Conj/Erth      ###.......   98%         6    #######
 Orb of Destruction       Conj           #.........   100%        7    #######
 Spellforged Servitor     Conj/Summ      #.........   100%        7    #######


Dungeon Overview and Level Annotations

Branches:
Dungeon (12/15)            Temple (1/1) D:6            Lair (4/6) D:8
  Swamp (0/4) Lair:4       Spider (0/4) Lair:4          Orc (0/2) D:11
  IceCv (visited)

Altars:
Ashenzari
Cheibriados
Dithmenos
Elyvilon
Hepliaklqana
Kikubaaqudgha
Nemelex Xobeh
Okawaru
Qazlal
Ru
Trog
Vehumet
Wu Jian
Xom
Yredelemnul
Zin

Shops:
D:9 [   D:11 [

Annotations:
D:2 Sigmund
D:4 Dowan
D:12 Azrael, Gastronok


Innate Abilities, Weirdness & Mutations

You cannot wear most types of armour.
You are very stealthy in the water. (Stealth+)
You are amphibious.
You can wear up to eight rings at the same time.
You can use your tentacles to constrict eight enemies at once.
Your skin changes colour to match your surroundings (Stealth+).
Your rubbery body absorbs attacks. (AC +1, EV +1)
You are agile. (Dex +2)
You are dopey. (Int -2)
You are robust. (+10% HP)
Your muscles are strong. (Str +2)


Message History

Aim: a four-headed hydra (moderately wounded)
The bolt of acid hits the four-headed hydra!!
The four-headed hydra is splashed with acid.
The acid corrodes the four-headed hydra!
The four-headed hydra is severely wounded.
Evoke which item? (* to show all) (? for menu, Esc to quit)
Aiming: Iceblast
Press: ? - help, Shift-Dir - straight line, f/p - four-headed hydra
Aim: a four-headed hydra (severely wounded, covered in acid)
The mass of ice explodes!
The iceblast engulfs the four-headed hydra!
The four-headed hydra is almost dead.
A four-headed hydra is nearby!
You barely miss the four-headed hydra.
The four-headed hydra is almost dead.
The four-headed hydra bites you but does no damage.
The four-headed hydra bites you!
* * * LOW HITPOINT WARNING * * *
The four-headed hydra bites you!
You die...

....## #.#....♣♣**
*♣........... ..#.#
######♣♣♣♣♣♣*♣...........
.#### *§§§§♣#...........
.# **≈>§§...#......... .#
*≈≈≈≈*♣............ ##
***≈≈♣♣............ ***
♣♣♣♣♣...##...##... *,*
####......###..P#####
,,** *#.†D@..#### ##.## *
,,,* **#....##.# #..#
*,,** ***#....##*###
##.#* * **,,***,,...P**
#..* * *,,,,,,,..#** #..#
* **,,,,,,,.,,,* *#..#*
,,,,,,,,,,,,,* *.#..*
*,,,,,,,,,,,,* *#*#.#**
*,,,,,,,,,,,,** *,..**


You could see a four-headed hydra.

Vanquished Creatures
  A hydra (Lair:3)
  A two-headed ogre (D:9)
  5 death yaks (Lair:4)
  Nergalle (D:10)
  An unseen horror (D:11)
  Maurice (D:9)
  A centaur zombie (D:10)
  An ice statue (IceCv)
  A torpor snail (Lair:3)
  2 black mambas
  2 elephants (Lair:3)
  4 spiny frogs
  4 komodo dragons
  An ice devil (IceCv)
  A tyrant leech (Lair:4)
  A steam dragon (D:7)
  5 blink frogs (Lair:3)
  5 hippogriffs
  5 dream sheep (Lair:4)
  A shadow (D:11)
  2 wyverns (Lair:4)
  13 yaks
  3 killer bees (D:9)
  2 basilisks (Lair:2)
  A hungry ghost (D:11)
  Menkaure (D:4)
  A swamp worm (Lair:4)
  An acid dragon (D:11)
  A soldier ant (D:11)
  4 water moccasins
  A sky beast (D:10)
  7 porcupines
  3 black bears
  3 orc priests
  5 orc warriors
  4 ogres
  A necrophage (D:11)
  14 wolves
  5 centaurs
  A phantom (D:8)
  2 crocodiles (Lair:4)
  8 bullfrogs
  A wyvern skeleton (D:11)
  5 scorpions
  4 wights (D:9)
  6 howler monkeys
  5 crimson imps
  A bullfrog zombie (D:5)
  2 jellies
  A bullfrog skeleton (D:5)
  4 centaur skeletons
  A hound (D:5)
  7 orc wizards
  Natasha (twice) (D:2)
  Terence (D:2)
  2 iguanas
  7 worker ants
  A hound skeleton (D:7)
  A howler monkey zombie (D:11)
  Robin (D:4)
  A worker ant zombie (D:11)
  9 adders
  3 gnolls (D:3)
  A river rat (D:5)
  4 shadow imps
  7 white imps (IceCv)
  10 ufetubi (IceCv)
  An ooze (D:6)
  An adder zombie (D:7)
  An adder skeleton (D:3)
  2 worms
  2 dart slugs
  3 leopard geckos
  31 orcs
  3 giant cockroaches
  12 goblins
  5 hobgoblins
  16 jackals
  3 quokkas
  2 ball pythons
  A bat (D:1)
  9 frilled lizards
  2 kobolds (D:3)
  A leopard gecko zombie (D:6)
  A quokka skeleton (D:5)
  4 rats
  3 fungi
317 creatures vanquished.

Vanquished Creatures (collateral kills)
  Grinder (D:7)
  A yak (D:9)
  A centaur (D:9)
  3 killer bees (D:9)
  2 orcs (D:7)
  A jackal (D:3)
9 creatures vanquished.

Vanquished Creatures (others)
  A centaur (D:7)
  An orc priest (D:7)
  3 white imps (IceCv)
  2 ufetubi (IceCv)
  A plant (D:8)
  5 toadstools (D:5)
13 creatures vanquished.

Grand Total: 339 creatures vanquished

Notes
Turn   | Place    | Note
-------+----------+-------------------------------------------
     0 | D:1      | Maedhros the Octopode Artificer began the quest for the
                  | Orb.
     0 | D:1      | Reached XP level 1. HP: 13/13 MP: 3/3
     9 | D:2      | Noticed Terence
    10 | D:2      | Killed Terence
    10 | D:2      | Reached skill level 2 in Unarmed Combat
    10 | D:2      | Reached XP level 2. HP: 18/18 MP: 4/4
    10 | D:2      | Reached XP level 3. HP: 23/23 MP: 5/5
   103 | D:2      | Found an iron altar of Okawaru.
   231 | D:2      | Found a white marble altar of Elyvilon.
   231 | D:2      | Noticed Sigmund
   325 | D:4      | Noticed Robin
   419 | D:4      | Found a bloodstained altar of Trog.
   421 | D:4      | Reached XP level 4. HP: 23/28 MP: 6/6
   451 | D:5      | Entered Level 5 of the Dungeon
   499 | D:5      | Reached skill level 3 in Unarmed Combat
   631 | D:5      | Noticed an ogre
   638 | D:5      | Killed an ogre
   638 | D:5      | Reached skill level 4 in Unarmed Combat
   638 | D:5      | Reached XP level 5. HP: 24/33 MP: 7/7
   703 | D:4      | Noticed Menkaure
   735 | D:4      | Gained mutation: You are dopey. (Int -2) [potion of
                  | mutation]
   735 | D:4      | Gained mutation: You are robust. (+10% HP) [potion of
                  | mutation]
   735 | D:4      | Gained mutation: Your muscles are strong. (Str +2) [potion
                  | of mutation]
   735 | D:4      | Gained mutation: You are agile. (Dex +2) [potion of
                  | mutation]
   745 | D:4      | Killed Menkaure
   745 | D:4      | Reached skill level 5 in Stealth
   745 | D:4      | Reached XP level 6. HP: 39/41 MP: 8/8
   811 | D:4      | Reached skill level 5 in Unarmed Combat
   818 | D:4      | Found a hazy altar of Hepliaklqana.
   917 | D:5      | Reached XP level 7. HP: 22/47 MP: 9/9
   950 | D:5      | Found a shattered altar of Ashenzari.
  1024 | D:5      | Reached skill level 6 in Unarmed Combat
  1224 | D:6      | Found a sacrificial altar of Ru.
  1233 | D:6      | Learned a level 4 spell: Petrify
  1391 | D:6      | Noticed Grinder
  1403 | D:6      | Reached XP level 8. HP: 53/55 MP: 10/10
  1415 | D:6      | Reached skill level 1 in Transmutations
  1415 | D:6      | Reached skill level 1 in Earth Magic
  1491 | D:6      | Found a staircase to the Ecumenical Temple.
  1498 | Temple   | Entered the Ecumenical Temple
  1521 | Temple   | Became a worshipper of Cheibriados the Contemplative
  1627 | D:4      | Killed Robin
  1720 | D:4      | Noticed Dowan
  1884 | D:2      | Noticed Natasha
  1890 | D:2      | Killed Natasha
  1903 | D:2      | Found a shadowy altar of Dithmenos.
  1926 | D:2      | Reached * piety under Cheibriados
  1954 | D:2      | Noticed Natasha
  1959 | D:2      | Killed Natasha
  2063 | D:1      | Found a shattered altar of Ashenzari.
  2560 | D:7      | Noticed a hippogriff
  2600 | D:7      | Reached skill level 7 in Unarmed Combat
  2674 | D:7      | Noticed a hippogriff
  2683 | D:7      | Killed a hippogriff
  2709 | D:7      | Noticed a steam dragon
  2719 | D:7      | Killed a steam dragon
  2739 | D:7      | Reached ** piety under Cheibriados
  2739 | D:7      | Reached XP level 9. HP: 43/63 MP: 11/11
  2743 | D:7      | Paralysed by Grinder for 7 turns
  2753 | D:7      | Killed Grinder
  2902 | D:7      | Found a shimmering altar of Xom.
  3041 | D:8      | Reached skill level 5 in Dodging
  3063 | D:7      | Reached skill level 8 in Unarmed Combat
  3110 | D:8      | Found a stormy altar of Qazlal.
  3168 | D:8      | Found a sparkling altar of Nemelex Xobeh.
  3192 | D:8      | Reached skill level 1 in Shields
  3214 | D:8      | Reached skill level 5 in Fighting
  3230 | D:8      | Found a radiant altar of Vehumet.
  3288 | D:8      | Reached *** piety under Cheibriados
  3471 | D:9      | Noticed a two-headed ogre
  3570 | D:9      | Killed a two-headed ogre
  3570 | D:9      | Reached XP level 10. HP: 49/72 MP: 12/12
  3660 | D:9      | Reached skill level 1 in Invocations
  3665 | D:9      | Reached **** piety under Cheibriados
  3811 | D:9      | Noticed Maurice
  3939 | D:9      | Found a shattered altar of Ashenzari.
  3997 | D:9      | Killed Maurice
  3997 | D:9      | Reached skill level 9 in Unarmed Combat
  4057 | D:9      | Found Ranug's Armour Shoppe.
  4200 | D:10     | Entered Level 10 of the Dungeon
  4346 | D:10     | Noticed Nergalle
  4361 | D:10     | Killed Nergalle
  4611 | D:11     | Learned a level 3 spell: Stone Arrow
  4633 | D:11     | Reached XP level 11. HP: 56/79 MP: 14/14
  4647 | D:11     | Reached skill level 5 in Evocations
  4653 | D:11     | Reached ***** piety under Cheibriados
  4661 | D:11     | Found Wenijeacw's Antique Armour Boutique.
  4749 | D:11     | Found a staircase to the Orcish Mines.
  4814 | D:11     | Reached skill level 5 in Earth Magic
  4863 | D:11     | Killed an unseen horror
  4863 | D:11     | Reached skill level 10 in Unarmed Combat
  4863 | D:11     | Reached skill level 5 in Transmutations
  5111 | D:12     | Noticed Azrael
  5118 | D:12     | Noticed Gastronok
  5472 | D:8      | Found a staircase to the Lair.
  5509 | Lair:1   | Entered Level 1 of the Lair of Beasts
  5624 | Lair:1   | You fall into a shaft and drop 1 floor!
  5625 | Lair:2   | Noticed a death yak
  5692 | Lair:2   | Reached skill level 5 in Invocations
  5757 | Lair:2   | Reached skill level 1 in Spellcasting
  5968 | Lair:3   | Reached XP level 12. HP: 73/86 MP: 16/16
  5975 | Lair:3   | Reached skill level 5 in Shields
  6083 | Lair:3   | Noticed a four-headed hydra
  6092 | Lair:3   | Killed a four-headed hydra
  6543 | Lair:4   | Found a frozen archway.
  6551 | IceCv    | Entered an ice cave
  6971 | IceCv    | Noticed a reaper
  7177 | Lair:4   | Found a hole to the Spider Nest.
  7291 | Lair:4   | Found a staircase to the Swamp.
  7304 | Lair:4   | Noticed a death yak
  7307 | Lair:4   | Noticed a death yak
  7307 | Lair:4   | Noticed a death yak
  7307 | Lair:4   | Noticed a death yak
  7309 | Lair:4   | Noticed a death yak
  7311 | Lair:4   | Killed a death yak
  7312 | Lair:4   | Killed a death yak
  7315 | Lair:4   | Killed a death yak
  7315 | Lair:4   | Reached XP level 13. HP: 91/91 MP: 4/19
  7326 | Lair:4   | Mangled by a four-headed hydra

Levels and vault maps discovered:
D:1:      minmay_arrival_floating_metal, layout_basic, evilmike_ruin_ashenzari
D:2:      layout_basic, grunt_dithmenos_smoke, nicolae_overflow_hidden_temple,
          elyvilon_altar_5, uniq_sigmund, uniq_terence, uniq_natasha
D:3:      layout_loops_cross, serial_undead, serial_undead_b, serial_undead_f,
          serial_undead_a, serial_undead_b
D:4:      layout_rooms, old_standard_altar, first_ration, trog_butcher_becter,
          uniq_robin, uniq_duvessa, uniq_menkaure
D:5:      layout_gridville, basic_altar, gup_sewer_entry_bowl,
          minmay_gold_behind_fungi
D:6:      layout_cave_pools, overflow_temple_1_default,
          minmay_temple_entry_nine_rooms, uniq_grinder
D:7:      layout_cave_pools, lemuel_round_altar
D:8:      layout_rooms, nemelex_xobeh_ov_fountains_minmay, kennysheep_mini_moat,
          old_standard_altar, david_lair_shrubbed
D:9:      layout_loops_corners, serial_shops, kennysheep_mini, basic_altar,
          uniq_maurice
D:10:     layout_long_grid, uniq_fannar, uniq_nergalle
D:11:     layout_loops_ring, orc_0_dummy, serial_shops, nicolae_shop_trees
D:12:     layout_big_octagon, the_bakery, kb_tengu_band, uniq_jorgrun,
          uniq_gastronok, uniq_azrael
Temple:   oiseaux_autumnal_temple
Lair:1:   layout_roguey
Lair:2:   layout_chaotic_city, grunt_megastairs_2
Lair:3:   layout_gridlike
Lair:4:   layout_cave_pods, minmay_swamp_entry_worms,
          nicolae_spider_entry_non_spiders, portal_ice_cave_entry_pillars_2

Skill      XL: |  1  2  3  4  5  6  7  8  9 10 11 12 |
---------------+-------------------------------------+-----
Stealth        | 2 3 4 5 6 |  6.5
Unarmed Combat | 2 4 5 6 7 8 9 10 | 10.0
Fighting       | 3 5 6 |  6.0
Transmutations | 2 3 4 6 7 |  7.8
Earth Magic    | 2 3 4 6 7 |  7.8
Dodging        | 4 5 6 |  6.0
Shields        | 1 3 4 6 |  6.8
Invocations    | 3 5 7 |  7.0
Evocations     | 4 6 8 |  8.4
Spellcasting   | 2 4 |  4.7
Short Blades   | |  1.0

Action                   |  1- 3 |  4- 6 |  7- 9 | 10-12 | 13-15 || total
-------------------------+-------+-------+-------+-------+-------++-------
Melee: Trident           |    35 |    54 |   150 |       |       ||   239
       Constrict         |     5 |    10 |    71 |    73 |       ||   159
       Tentacles         |     1 |    14 |    80 |   183 |     1 ||   279
       Punch             |       |     1 |    18 |    75 |     1 ||    95
       Unarmed           |       |       |   111 |   399 |     3 ||   513
Throw: Dart              |       |       |       |    12 |       ||    12
 Cast: Petrify           |       |       |       |    10 |       ||    10
Invok: Slouch            |       |       |       |     8 |       ||     8
       Temporal Distorti |       |       |       |     2 |       ||     2
Evoke: Wand              |     6 |    17 |    41 |    22 |     8 ||    94
  Use: Scroll            |       |     4 |     6 |    11 |       ||    21
       Potion            |       |     1 |     2 |     3 |       ||     6
 Stab: Sleeping          |     2 |     5 |    17 |    25 |       ||    49
       Betrayed ally     |     1 |       |     1 |     1 |       ||     3
       Paralysed         |       |       |    10 |       |       ||    10
       Distracted        |       |       |     1 |     1 |       ||     2
       Petrified         |       |       |       |     7 |       ||     7
       Confused          |       |       |       |     3 |       ||     3
       Invisible         |       |       |       |     2 |       ||     2
       Petrifying        |       |       |       |     1 |       ||     1
  Eat: Chunk             |       |       |     6 |    12 |       ||    18
Armor: Skin              |     2 |       |     8 |     5 |     1 ||    16
Dodge: Dodged            |    24 |    33 |   149 |   208 |     1 ||   415
Block: Buckler           |       |       |    22 |    92 |       ||   114

Table legend:
 A = Non-vault XP
 B = Vault XP
 C = Vault XP percentage of total XP
 D = Non-vault monster count
 E = Vault monster count
 F = Vault count percentage of total count
                 A         B        C        D         E       F
            +---------+---------+-------+---------+---------+-------
      Total |   29047 |    5247 |  15.3 |     261 |      62 |  19.2
            +---------+---------+-------+---------+---------+-------
        D:1 |       7 |       0 |   0.0 |       4 |       0 |   0.0
        D:2 |      74 |      73 |  49.7 |      14 |       2 |  12.5
        D:3 |      79 |       5 |   6.0 |      19 |       1 |   5.0
        D:4 |     200 |     199 |  49.9 |       7 |       7 |  50.0
        D:5 |     414 |      32 |   7.2 |      19 |      12 |  38.7
        D:6 |     554 |       0 |   0.0 |      12 |       0 |   0.0
        D:7 |    1494 |     169 |  10.2 |      31 |       1 |   3.1
        D:8 |     912 |     383 |  29.6 |      29 |       1 |   3.3
        D:9 |    2306 |     739 |  24.3 |      25 |       1 |   3.8
       D:10 |     950 |     824 |  46.4 |       5 |       1 |  16.7
       D:11 |    4302 |       0 |   0.0 |      31 |       0 |   0.0
       D:12 |      48 |       0 |   0.0 |       1 |       0 |   0.0
     Lair:1 |     145 |       0 |   0.0 |       1 |       0 |   0.0
     Lair:2 |    1993 |    1141 |  36.4 |       8 |       7 |  46.7
     Lair:3 |    6751 |       0 |   0.0 |      28 |       0 |   0.0
     Lair:4 |    8818 |     744 |   7.8 |      27 |      10 |  27.0
      IceCv |       0 |     938 | 100.0 |       0 |      19 | 100.0
            +---------+---------+-------+---------+---------+-------
